 Dungeon Crawl Stone Soup version 0.25-a0-464-g3004169 (webtiles) character file.

Game seed: 5399777127801619615, levelgen mode: deterministic

78 snetch the Magician (level 4, -1/32 HPs)
             Began as a Gnoll Wizard on Feb 4, 2020.
             Shot with an arrow by a centaur (11 damage)
             ... on level 3 of the Dungeon.
             The game lasted 00:07:56 (2175 turns).

snetch the Magician (Gnoll Wizard)                  Turns: 2175, Time: 00:07:57

Health: -1/32      AC:  3    Str:  9    XL:     4   Next: 36%
Magic:  6/13       EV: 14    Int: 21    God:
Gold:   132        SH:  0    Dex: 14    Spells: 9/17 levels left

rFire    . . .     SeeInvis .   a - +0 dagger
rCold    . . .     Gourm    .   (no shield)
rNeg     . . .     Faith    .   y - +0 leather armour
rPois    .         Spirit   .   b - +0 hat
rElec    .         Reflect  .   (no cloak)
rCorr    .         Harm     .   (no gloves)
MR       .....                  (no boots)
Stlth    ++........             (no amulet)
HPRegen  0.10/turn              (no ring)
MPRegen  0.13/turn              (no ring)

@: very slightly contaminated
A: distributed training, fangs 1, strong nose
a: no special abilities


You were on level 3 of the Dungeon.
You were not hungry.

You visited 1 branch of the dungeon, and saw 3 of its levels.

You collected 132 gold pieces.

Inventory:

Hand Weapons
 a - a +0 dagger (weapon)
 i - a +0 short sword
 l - a +0 spear
 D - a cursed +0 spear
Missiles
 g - 14 bolts
 o - 7 javelins
 s - 14 sling bullets
 w - 25 poisoned darts (quivered)
 x - 16 stones
 C - 26 arrows
Armour
 b - a +0 hat (worn)
 h - a +0 ring mail
 u - a +0 robe
 y - a +0 leather armour (worn)
 A - a cursed +0 ring mail
Scrolls
 c - a scroll of immolation {unknown}
 e - 2 scrolls of magic mapping {unknown}
 k - a scroll of teleportation {unknown}
 m - a scroll of amnesia {unknown}
 p - a scroll of remove curse {unknown}
 z - a scroll of fog {unknown}
 B - a scroll of noise {unknown}
Potions
 f - 2 potions of brilliance {unknown}
 j - 2 potions of lignification {unknown}
 q - a potion of berserk rage {unknown}
 r - a potion of agility {unknown}
 t - a potion of heal wounds {unknown}
 v - a potion of might {unknown}
Comestibles
 d - 6 rations
 n - a chunk of flesh


   Skills:
 + Level 1.1 Fighting
 + Level 1.1 Short Blades
 + Level 1.1 Long Blades
 + Level 1.1 Axes
 + Level 1.1 Maces & Flails
 + Level 1.1 Polearms
 + Level 1.1 Staves
 + Level 1.1 Slings
 + Level 1.1 Bows
 + Level 1.1 Crossbows
 + Level 1.1 Throwing
 + Level 1.1 Armour
 + Level 4.6 Dodging
 + Level 4.2 Stealth
 + Level 1.1 Shields
 + Level 1.1 Unarmed Combat
 + Level 7.2 Spellcasting
 + Level 2.2 Conjurations
 + Level 0.8 Hexes
 + Level 0.8 Charms
 + Level 2.2 Summonings
 + Level 0.8 Necromancy
 + Level 2.2 Translocations
 + Level 0.8 Transmutations
 + Level 0.8 Fire Magic
 + Level 0.8 Ice Magic
 + Level 0.8 Air Magic
 + Level 0.8 Earth Magic
 + Level 0.8 Poison Magic
 + Level 1.2 Invocations
 + Level 1.1 Evocations


You had 9 spell levels left.
You knew the following spells:

 Your Spells              Type           Power        Failure   Level  Hunger
a - Magic Dart            Conj           ###.         4%          1    None
b - Blink                 Tloc           N/A          7%          2    None
c - Call Imp              Summ           ###.....     7%          2    None
d - Mephitic Cloud        Conj/Pois/Air  ##......     21%         3    None

Your spell library contained the following spells:

 Spells                   Type           Power        Failure   Level  Hunger
 Slow                     Hex            ##......     12%         2    None
 Conjure Flame            Conj/Fire      ##......     19%         3    None


Dungeon Overview and Level Annotations

Branches:
Dungeon (3/15)

Altars:


Innate Abilities, Weirdness & Mutations

Your experience applies equally to all skills.
You have very sharp teeth.
Your uncanny sense of smell can sniff out nearby items.


Message History

You kill the orc!
Casting: Magic Dart (safe; 4% risk of failure)
Confirm with . or Enter, or press ? or * to list all spells.
Aiming: Mephitic Cloud (safe; 21% risk of failure)
Press: ? - help, Shift-Dir - straight line, f - centaur
Aim: a centaur, quivering 23 arrows That beam is likely to hit you.
Continue anyway?
Okay, then.
Casting: Mephitic Cloud (safe; 21% risk of failure)
Confirm with . or Enter, or press ? or * to list all spells.
A beastly little devil appears in a puff of flame.
The centaur hits you!
Your crimson imp closely misses the centaur.
The centaur hits you.
* * * LOW HITPOINT WARNING * * *
Your crimson imp barely misses the centaur.
The centaur hits your crimson imp!
You swap places.
The centaur wields a +0 shortbow.
The centaur shoots an arrow.
The arrow misses your crimson imp. The arrow hits you!
You die... ### ..# .). #.# #.## #.# ...# #.# #wo

#.#
#o###
#.#
#rc.##
#.#
###55#
#.#
##@###.#
#...#.#
###...#
###.#
###


You could see a centaur, a worm, 2 orcs, a rat and 2 friendly crimson imps.

Vanquished Creatures
  2 adders (D:2)
  3 worms (D:2)
  A dart slug (D:1)
  A leopard gecko (D:3)
  An orc (D:3)
  2 giant cockroaches
  3 goblins
  5 hobgoblins
  2 jackals (D:1)
  A quokka (D:2)
  8 bats
  5 frilled lizards (D:2)
  5 kobolds
  7 rats
46 creatures vanquished.

Vanquished Creatures (collateral kills)
  An adder (D:2)
1 creature vanquished.

Grand Total: 47 creatures vanquished

Notes
Turn   | Place    | Note
-------+----------+-------------------------------------------
     0 | D:1      | snetch the Gnoll Wizard began the quest for the Orb.
     0 | D:1      | Reached XP level 1. HP: 13/13 MP: 8/8
   299 | D:1      | Reached XP level 2. HP: 18/19 MP: 2/10
   399 | D:1      | Learned a level 2 spell: Blink
   402 | D:1      | Learned a level 2 spell: Call Imp
   681 | D:1      | Reached XP level 3. HP: 25/25 MP: 2/11
  1163 | D:3      | Noticed a centaur
  1267 | D:2      | Reached skill level 1 in Invocations
  1401 | D:2      | Reached skill level 1 in Fighting
  1401 | D:2      | Reached skill level 1 in Short Blades
  1401 | D:2      | Reached skill level 1 in Long Blades
  1401 | D:2      | Reached skill level 1 in Axes
  1401 | D:2      | Reached skill level 1 in Maces & Flails
  1401 | D:2      | Reached skill level 1 in Polearms
  1401 | D:2      | Reached skill level 1 in Staves
  1401 | D:2      | Reached skill level 1 in Slings
  1401 | D:2      | Reached skill level 1 in Bows
  1401 | D:2      | Reached skill level 1 in Crossbows
  1401 | D:2      | Reached skill level 1 in Throwing
  1401 | D:2      | Reached skill level 1 in Armour
  1401 | D:2      | Reached skill level 1 in Shields
  1401 | D:2      | Reached skill level 1 in Unarmed Combat
  1401 | D:2      | Reached skill level 1 in Evocations
  1420 | D:2      | Reached XP level 4. HP: 27/32 MP: 8/13
  2098 | D:2      | Learned a level 3 spell: Mephitic Cloud
  2163 | D:3      | Noticed a centaur
  2175 | D:3      | Shot with an arrow by a centaur

Levels and vault maps discovered:
D:1:      wheals_arrival_shading, layout_basic
D:2:      layout_loops_ring
D:3:      layout_rooms, chequers_ecumenical_altar_twisty,
          grunt_dithmenos_smoke_and_mirrors, uniq_grinder

Skill      XL: |  1  2  3 |
---------------+----------+-----
Conjurations   | 2 |  2.2
Summonings     | 2 |  2.2
Translocations | 2 |  2.2
Invocations    | 1 |  1.2
Fighting       | 1 |  1.1
Short Blades   | 1 |  1.1
Long Blades    | 1 |  1.1
Axes           | 1 |  1.1
Maces & Flails | 1 |  1.1
Polearms       | 1 |  1.1
Staves         | 1 |  1.1
Slings         | 1 |  1.1
Bows           | 1 |  1.1
Crossbows      | 1 |  1.1
Throwing       | 1 |  1.1
Armour         | 1 |  1.1
Shields        | 1 |  1.1
Unarmed Combat | 1 |  1.1
Evocations     | 1 |  1.1
Dodging        | |  4.6
Stealth        | |  4.2
Spellcasting   | |  7.2
Hexes          | |  0.8
Charms         | |  0.8
Necromancy     | |  0.8
Transmutations | |  0.8
Fire Magic     | |  0.8
Ice Magic      | |  0.8
Air Magic      | |  0.8
Earth Magic    | |  0.8
Poison Magic   | |  0.8

Action                   |  1- 3 |  4- 6 || total
-------------------------+-------+-------++-------
Melee: Short sword       |    23 |       ||    23
       Dagger            |    12 |    10 ||    22
       Bite              |     1 |       ||     1
 Cast: Magic Dart        |    57 |    21 ||    78
       Call Imp          |     2 |     5 ||     7
 Stab: Sleeping          |     9 |     1 ||    10
  Eat: Chunk             |     1 |     3 ||     4
Armor: Robe              |     7 |       ||     7
       Leather armour    |     7 |     1 ||     8
Dodge: Dodged            |    44 |    20 ||    64

Table legend:
 A = Non-vault XP
 B = Vault XP
 C = Vault XP percentage of total XP
 D = Non-vault monster count
 E = Vault monster count
 F = Vault count percentage of total count
                 A         B        C        D         E       F
            +---------+---------+-------+---------+---------+-------
      Total |     112 |       0 |   0.0 |      47 |       0 |   0.0
            +---------+---------+-------+---------+---------+-------
        D:1 |      29 |       0 |   0.0 |      17 |       0 |   0.0
        D:2 |      75 |       0 |   0.0 |      26 |       0 |   0.0
        D:3 |       8 |       0 |   0.0 |       4 |       0 |   0.0
            +---------+---------+-------+---------+---------+-------
